Map: Pillars of Gold LE

Players

Hydra

  • Race: Terran Terran
  • Spawn Location: 1:00

Borry - Winner!

  • Race: Protoss Protoss
  • Spawn Location: 7:00

VOD

Have the link to the VOD?

Description

Time

  • Played on: Oct. 1, 2020, 2:17 p.m.
  • Length: 19:43
Show
View Real Time Build Order
Export as new Build Order

Hydra Terran 

Build Orders:  

Get SALT Encoding   

  12  0:02  SCV  
  13  0:14  SCV  
  13  0:19  Supply Depot  
  14  0:26  SCV  
  15  0:45  Barracks  
  15  0:52  SCV  
  16  1:04  SCV  
  16  1:09  Refinery  
  17  1:17  SCV  
  18  1:29  SCV  
  19  1:39  Supply Depot  
  19  1:41  SCV  
  20  1:53  SCV  
  21  2:00  Command Center  
  21  2:01  Reaper  
  22  2:20  Barracks  
  22  2:42  Barracks Reactor  
  22  2:54  Orbital Command  
  22  3:26  SCV  
  22  3:36  Factory  
  22  3:38  SCV, Marine x2  
  25  3:41  Barracks Tech Lab  
  25  3:45  SCV  
  26  3:50  SCV  
  27  3:56  Refinery, Marine x2  
  27  3:57  SCV  
  31  4:02  SCV  
  31  4:09  SCV  
  32  4:15  SCV  
  35  4:21  SCV  
  34  4:27  SCV  
  35  4:33  SCV  
  35  4:35  Combat Shield  
  36  4:39  SCV, Hellion  
  36  4:40  Hellion  
  41  5:01  Hellion x2  
  45  5:14  Starport  
  45  5:31  Supply Depot x2  
  45  5:35  Supply Depot  
  45  5:53  Hellion x2, Engineering Bay  
  45  5:54  Stimpack  
  49  5:57  Supply Depot  
  49  6:01  Marine  
  49  6:02  Supply Depot  
  50  6:09  Supply Depot  
  50  6:10  Liberator  
  53  6:14  Hellion x2  
  57  6:19  Marine  
  57  6:20  Engineering Bay  
  58  6:32  Supply Depot  
  58  6:35  Widow Mine x2  
  58  6:37  Marine  
  61  6:52  Medivac  
  59  6:54  Marine  
  59  6:57  Widow Mine x2  
  59  7:12  Marine  
  60  7:18  Hellion x2, Missile Turret  
  64  7:22  Viking  
  66  7:34  Concussive Shells  
  64  7:52  Viking  
  51  8:22  Viking  
  44  8:52  Viking  
  44  8:55  Missile Turret  
  36  9:22  Viking  
  36  9:23  Barracks Reactor  
  37  9:25  Marine  
  37  9:30  Widow Mine  
  37  9:31  Widow Mine  
  42  9:39  Barracks  
  42  9:43  Marine  
  43  9:51  Widow Mine  
  43  9:52  Viking, Widow Mine  
  49  10:01  Marine  
  50  10:13  Widow Mine x2  
  50  10:14  Command Center  
  54  10:15  Command Center  
  54  10:16  Command Center  
  54  10:18  Marine  
  55  10:22  Viking  
  57  10:34  Widow Mine  
  57  10:35  Widow Mine  
  55  10:36  Marine  
  54  10:52  Marine  
  54  10:53  Marine  
  54  10:54  Marine  
  57  11:10  Marine x2  
  59  11:12  Marine  
  60  11:28  Marine x2  
  60  11:30  Marine  
  63  11:35  SCV  
  64  11:41  SCV  
  64  11:45  Marine  
  64  11:46  SCV, Marine  
  68  11:47  SCV  
  68  11:48  Marine  
  68  11:53  SCV  
  66  11:58  SCV  
  66  11:59  SCV  
  60  12:05  SCV  
  60  12:06  Marine  
  55  12:10  SCV  
  55  12:11  SCV  
  53  12:17  SCV  
  53  12:20  Viking x2  
  57  12:22  SCV  
  57  12:24  SCV  
  57  12:29  SCV  
  59  12:34  SCV  
  60  12:47  Starport x2  
  60  12:49  Viking  
  60  12:50  Viking  
  64  13:05  Refinery  
  64  13:09  Fusion Core x2  
  64  13:10  Refinery  
  64  13:19  Viking  
  63  13:20  Viking  
  63  13:24  Sensor Tower  
  58  13:49  Viking  
  58  13:50  Viking  
  62  14:09  Starport Tech Lab  
  62  14:13  Starport Tech Lab  
  62  14:17  Sensor Tower  
  54  14:33  Sensor Tower  
  50  14:41  Viking x2  
  54  14:46  Neosteel Armor  
  50  15:11  Viking x2  
  50  15:12  SCV  
  56  15:14  SCV  
  56  15:17  Orbital Command  
  56  15:24  SCV  
  56  15:26  SCV  
  58  15:36  SCV  
  58  15:38  SCV  
  58  15:41  Viking x2  
  64  15:48  SCV  
  65  15:50  SCV, Refinery  
  65  15:54  Refinery  
  66  16:00  SCV  
  66  16:02  SCV  
  68  16:07  Ghost Academy  
  68  16:08  Refinery  
  68  16:09  Refinery  
  68  16:10  Ghost Academy  
  68  16:11  Viking x2  
  70  16:14  Raven  
  74  16:57  Battlecruiser  
  74  17:15  Battlecruiser  
  74  17:24  Viking  
  74  17:25  Viking  
  78  17:35  Marine x2  
  80  17:41  Factory Tech Lab  
  80  17:48  Advanced Ballistics  
  80  17:53  Marine x2  
  80  17:54  Viking  
  80  17:55  Viking  
  86  18:01  Battlecruiser  
  86  18:03  Cyclone  
  95  18:10  Marine  
  95  18:11  Marine  
  97  18:21  SCV  
  98  18:28  Battlecruiser, Marine x2  
  98  18:32  Marine  
  98  18:33  SCV, Refinery  
  98  18:34  Refinery  
  108  18:36  Cyclone  
  111  18:45  SCV  
  112  18:50  Marine  
  113  18:57  SCV  
  114  19:08  Cyclone, Marine  
  114  19:09  SCV  
Show
View Real Time Build Order
Export as new Build Order

Borry Protoss - Winner!

Build Orders: Double Forge, Carriers 

Get SALT Encoding   

  12  0:02  Probe  
  13  0:14  Probe  
  14  0:24  Pylon  
  14  0:26  Probe  
  15  0:42  Probe (Chrono Boost), Gateway  
  16  0:54  Probe (Chrono Boost)  
  17  1:01  Assimilator  
  17  1:03  Probe (Chrono Boost)  
  18  1:08  Probe  
  19  1:20  Probe  
  19  1:21  Gateway  
  20  1:31  Zealot  
  22  1:49  Nexus  
  22  1:54  Probe  
  23  2:02  Pylon  
  23  2:11  Cybernetics Core  
  23  2:23  Forge  
  23  2:35  Forge  
  23  2:43  Assimilator  
  23  2:44  Probe  
  23  2:49  Warp Gate  
  24  2:57  Probe  
  24  2:58  Stalker  
  27  3:09  Probe  
  25  3:30  Probe  
  26  3:42  Probe  
  26  3:47  Probe  
  28  3:54  Probe  
  29  3:59  Probe  
  30  4:11  Probe  
  30  4:12  Probe  
  32  4:17  Protoss Ground Weapons Level 1  
  32  4:18  Protoss Ground Armor Level 1  
  32  4:23  Probe  
  32  4:24  Probe  
  34  4:32  Stargate  
  34  4:35  Probe  
  34  4:36  Probe  
  36  4:39  Assimilator  
  36  4:46  Assimilator  
  36  4:47  Probe  
  36  4:48  Probe  
  36  4:49  Protoss Air Weapons Level 1  
  36  4:51  Stalker  
  40  4:53  Stalker  
  43  5:00  Probe x2  
  44  5:14  Robotics Facility  
  44  5:30  Pylon  
  44  5:31  Probe x2  
  46  5:42  Void Ray  
  46  5:48  Probe x2  
  52  5:52  Nexus  
  52  6:00  Probe x2  
  54  6:12  Pylon  
  54  6:17  Pylon  
  54  6:23  Pylon  
  54  6:30  Probe x2  
  54  6:31  Protoss Shields Level 1  
  56  6:33  Twilight Council  
  56  6:42  Probe x2  
  52  7:06  Void Ray  
  56  7:20  Photon Cannon  
  56  7:22  Photon Cannon  
  56  7:24  Photon Cannon  
  56  7:27  Stalker x2  
  60  7:44  Void Ray  
  54  8:21  Void Ray  
  54  8:23  Probe  
  54  8:24  Fleet Beacon  
  51  8:35  Probe  
  51  8:37  Sentry  
  54  8:47  Probe  
  55  8:58  Void Ray  
  55  9:00  Probe  
  60  9:12  Probe  
  55  9:19  Protoss Ground Weapons Level 2  
  55  9:20  Protoss Ground Armor Level 2  
  55  9:35  Void Ray  
  55  9:37  Stargate  
  55  9:39  Protoss Air Weapons Level 2  
  55  9:42  Probe  
  60  9:46  Probe  
  60  9:47  Probe  
  62  9:54  Probe  
  62  9:58  Nexus  
  62  9:59  Probe x2, Pylon  
  65  10:04  Assimilator  
  65  10:06  Probe  
  66  10:08  Assimilator  
  66  10:11  Probe x2  
  66  10:12  Void Ray  
  68  10:15  Flux Vanes  
  68  10:17  Void Ray  
  68  10:18  Probe  
  73  10:23  Probe x2  
  79  10:30  Probe  
  79  10:35  Probe x2  
  82  10:49  Void Ray  
  82  10:54  Void Ray  
  90  11:08  Observer  
  91  11:26  Void Ray  
  91  11:29  Observer  
  91  11:32  Void Ray  
  100  11:46  Templar Archives  
  100  11:51  Observer  
  73  12:19  Probe  
  74  12:27  Probe x2  
  77  12:31  Probe  
  77  12:34  Mothership  
  85  12:39  Probe x2  
  85  12:43  Probe  
  98  12:48  Tempest  
  99  12:51  Probe x2, Carrier  
  99  12:55  Probe  
  102  12:59  Assimilator  
  102  13:00  Unknown  
  102  13:03  Probe x2, Assimilator  
  104  13:07  Probe  
  104  13:08  Protoss Shields Level 2  
  105  13:16  Probe x2  
  99  13:31  Tempest  
  106  13:55  Anion Pulse-Crystals, Carrier  
  106  14:14  Tempest  
  111  14:23  Nexus  
  111  14:24  Nexus  
  106  14:25  Pylon  
  101  14:57  Tempest  
  112  15:00  Carrier  
  112  15:11  Protoss Ground Weapons Level 3  
  112  15:18  Stargate  
  112  15:20  Stargate  
  112  15:39  Tempest  
  112  15:41  Probe  
  118  15:43  Probe  
  118  15:48  Assimilator  
  119  15:50  Assimilator  
  119  15:53  Probe  
  119  15:54  Assimilator  
  119  15:55  Probe x2  
  122  15:58  Probe  
  122  15:59  Probe x2  
  122  16:00  Assimilator  
  131  16:04  Carrier  
  131  16:05  Probe  
  131  16:07  Probe x2  
  131  16:10  Probe  
  136  16:11  Probe x2  
  136  16:17  Probe  
  136  16:18  Tempest  
  138  16:19  Probe  
  138  16:20  Probe  
  138  16:21  Carrier  
  138  16:23  Probe x3  
  154  16:36  Probe x3  
  154  16:37  Probe  
  154  16:38  Probe  
  152  16:40  Pylon x2  
  152  16:41  Tempest, Pylon  
  152  16:43  Pylon  
  145  16:48  Probe x2  
  145  16:49  Probe  
  145  16:50  Probe  
  148  17:01  Tempest  
  159  17:08  Carrier  
  159  17:24  Tempest  
  159  17:25  Carrier  
  170  17:31  Probe  
  171  17:43  Probe  
  171  17:44  Tempest  
  172  17:48  Probe  
  178  17:55  Probe  
  179  18:00  Probe  
  180  18:07  Tempest  
  180  18:08  Probe  
  186  18:32  Pylon  
  186  18:34  Pylon  
  186  18:38  Pylon  
  186  18:41  Pylon  
  186  18:50  Probe x2  
  186  18:52  Tempest  
  199  19:02  Probe  
Tags
 
Composition
Carriers
Matchup
PvT
Replay Pack
test
Spawn Locations
Cross Positions
Add a new tag
Caveats
  • Supply blocks, unpowered buildings, or Contaminate may cause inaccurate times.
  • Supply counts are checked every 10 seconds.